 Dungeon Crawl Stone Soup version 0.24.0 (webtiles) character file.

Game seed: 11258128638757352133, levelgen mode: deterministic

242 Mrkan the Slasher (level 6, -3/38 HPs)
             Began as a Tengu Fighter on Oct 25, 2019.
             Killed by divine providence
             ... invoked by an orc priest
              (13 damage)
             ... on level 4 of the Dungeon.
             The game lasted 00:05:42 (2252 turns).

Mrkan the Slasher (Tengu Fighter)                   Turns: 2252, Time: 00:05:42

Health: -3/38      AC:  8    Str: 23    XL:     6   Next: 9%
Magic:  7/7        EV:  7    Int:  8    God:
Gold:   71         SH: 10    Dex: 14    Spells: 5/5 levels left

rFire    . . .     SeeInvis .   a - +0 long sword
rCold    . . .     Gourm    .   c - +0 shield
rNeg     . . .     Faith    .   b - +0 scale mail
rPois    .         Spirit   .   (helmet restricted)
rElec    .         Reflect  .   w - +0 cloak
rCorr    .         Harm     .   (no gloves)
MR       .....                  (boots unavailable)
Stlth    ..........             (no amulet)
HPRegen  0.12/turn              j - ring of flight
MPRegen  0.10/turn              (no ring)

@: mighty
A: beak, talons 3, able to fly
a: Fly, Evoke Flight


You were on level 4 of the Dungeon.
You were not hungry.

You visited 1 branch of the dungeon, and saw 4 of its levels.

You collected 71 gold pieces.

Inventory:

Hand Weapons
 a - a +0 long sword (weapon)
Missiles
 l - 79 stones (quivered)
Armour
 b - a +0 scale mail (worn)
 c - a +0 shield (worn)
 w - a +0 cloak (worn)
Jewellery
 j - a ring of flight (left hand)
Scrolls
 e - 2 scrolls of enchant armour {unknown}
 i - 3 scrolls of remove curse {unknown}
 k - 2 scrolls of teleportation {unknown}
 o - a scroll of noise {unknown}
 p - a scroll of amnesia {unknown}
 q - 5 scrolls of identify {unknown}
 r - a scroll of fear {unknown}
 u - a scroll of immolation {unknown}
Potions
 d - 2 potions of might
 h - 3 potions of agility
 m - a potion of heal wounds {unknown}
 n - 2 potions of resistance {unknown}
 s - a potion of berserk rage {unknown}
 t - a potion of magic {unknown}
 v - 3 potions of curing {unknown}
Comestibles
 f - 6 rations


   Skills:
 + Level 4.1 Fighting
 * Level 5.0 Long Blades
 - Level 3.2 Armour
 + Level 4.1 Shields


You had 5 spell levels left.
You didn't know any spells.
Your spell library was empty.

Dungeon Overview and Level Annotations

Branches:
Dungeon (4/15)
 Temple: D:4-7

Altars:
Elyvilon
Makhleb
Nemelex Xobeh
Ru
Vehumet

Annotations:
D:4 Edmund


Innate Abilities, Weirdness & Mutations

You have a beak for a mouth.
You have claws for feet.
You can fly continuously.


Message History

You have reached level 6!
Your experience leads to an increase in your attributes!
Your base attributes are Str 17, Int 8, Dex 14.
Increase (S)trength, (I)ntelligence, or (D)exterity?
You feel stronger. Edmund hits you but does no damage.
You writhe in agony.
You hit Edmund. You peck Edmund.
Edmund is lightly wounded.
The orc hits you with a +0 whip.
* * * LOW HITPOINT WARNING * * *
Edmund closely misses you.
You slash Edmund! You claw Edmund, but do no damage.
Edmund is moderately wounded.
You block the orc's attack. Edmund hits you but does no damage.
You slice Edmund!! You claw Edmund!
Edmund is almost dead.
The orc hits you but does no damage.
The orc priest invokes the aid of Beogh against you.
Beogh smites you!
You die...

.......###....
........#####.
....o......# #.
.........># ###.
#...#$....# #..o
####..#..##..###o..
######. ........o......_
......o###.####..###.#..
.......@@o........##.##.
.########......#####....
#...###### ####. #..!..#
#. ..(...## .. .##... .
..<). ###... #..


You could see Edmund, an orc priest and an orc.

Vanquished Creatures
  A wight (D:3)
  An orc priest (D:3)
  Crazy Yiuf (D:3)
  A worker ant (D:4)
  4 adders
  2 oozes
  A dart slug (D:2)
  2 leopard geckos
  4 orcs (D:3)
  A ball python (D:3)
  8 bats
  2 giant cockroaches
  7 goblins
  10 hobgoblins
  8 jackals
  5 frilled lizards
  8 kobolds
  5 rats
71 creatures vanquished.

Notes
Turn   | Place    | Note
-------+----------+-------------------------------------------
     0 | D:1      | Mrkan the Tengu Fighter began the quest for the Orb.
     0 | D:1      | Reached XP level 1. HP: 14/14 MP: 2/2
    86 | D:1      | Reached XP level 2. HP: 7/19 MP: 3/3
   223 | D:1      | Reached skill level 3 in Long Blades
   381 | D:1      | Reached XP level 3. HP: 23/23 MP: 4/4
   689 | D:2      | Found a burning altar of Makhleb.
   797 | D:2      | Reached XP level 4. HP: 25/28 MP: 5/5
   925 | D:2      | Found a sparkling altar of Nemelex Xobeh.
  1028 | D:2      | Found a white marble altar of Elyvilon.
  1397 | D:3      | Found a radiant altar of Vehumet.
  1427 | D:3      | Reached skill level 4 in Long Blades
  1466 | D:3      | Gained mutation: You can fly continuously. [Tengu growth]
  1466 | D:3      | Reached XP level 5. HP: 19/33 MP: 6/6
  1971 | D:3      | Found a runed translucent door.
  1972 | D:3      | Noticed Crazy Yiuf
  1982 | D:3      | Killed Crazy Yiuf
  2223 | D:4      | Noticed Edmund
  2224 | D:4      | Found a sacrificial altar of Ru.
  2249 | D:4      | Reached skill level 5 in Long Blades
  2249 | D:4      | Reached XP level 6. HP: 14/38 MP: 7/7
  2252 | D:4      | Killed from afar by an orc priest

Levels and vault maps discovered:
D:1:      dpeg_arrival_lava_temple_mockup, layout_basic
D:2:      layout_rooms, lemuel_round_altar, lemuel_round_altar,
          nemelex_altar_shiori
D:3:      kennysheep_six_static_rooms, layout_basic, vehumet_crystals,
          minmay_misc_feat_alley, uniq_crazy_yiuf_cottage
D:4:      layout_rooms, nicolae_overflow_crystal_walls, first_ration,
          kennysheep_generic_room_5, uniq_natasha, uniq_edmund
